AoeStats
← SVEDESE

Arena

504533784Analyzed
3v3 RM · 27d ago on Sep 5, 2026· 46m 39s· 6 players
Game mode
Random Map
Map size
Normal (6 player)
Population
200
Speed
Normal
Resources
Standard
Victory
Conquest
Starting age
Dark Age
Ending age
Imperial Age
RankedLock teamsTeams togetherTeam positionsShared explorationLock speedFull tech treeHidden civsTurbo modeCheats
Victory
Defeat
🇺🇸 Celts · United States
765
+4
🇺🇸 Jurchens · United States
751
+4
🇺🇸 Bohemians · United States
737
+5
🇮🇹 Teutons · Italy
541
-6
🇬🇧 Portuguese · United Kingdom
397
-4
🇹🇷 Mongols · Türkiye
331
-3
greninja88
0:29 Loom
14:29 Feudal Age
14:56 Double-Bit Axe
25:26 Castle Age
24:04 Wheelbarrow
24:19 Town Watch
24:33 Stone Mining
24:59 Fletching
25:20 Forging
25:02 Horse Collar
25:37 Pikeman
26:07 Town Watch
28:56 Scale Barding Armor
28:52 Scale Mail Armor
28:58 Scale Mail Armor
28:58 Padded Archer Armor
28:55 Bodkin Arrow
29:46 Iron Casting
29:24 Bow Saw
32:08 Gold Mining
32:13 Stone Mining
31:59 Elite Skirmisher
35:24 Murder Holes
35:50 Ballistics
38:31 Imperial Age
36:58 Hand Cart
39:08 Town Patrol
42:31 Chemistry
42:02 Leather Archer Armor
42:50 Blast Furnace
42:06 Chain Mail Armor
41:58 Scale Barding Armor
41:55 Bracer
42:07 Scale Barding Armor
44:00 Conscription
RohanKingTheoden
10:53 Feudal Age
11:24 Horse Collar
11:33 Double-Bit Axe
18:57 Wheelbarrow
21:40 Forging
25:08 Castle Age
24:49 Stone Mining
24:49 Gold Mining
26:28 Hand Cart
26:38 Bow Saw
27:08 Gold Shaft Mining
27:09 Stone Shaft Mining
26:48 Squires
26:08 Pikeman
27:39 Town Watch
29:02 Heavy Plow
29:37 Masonry
29:21 Arson
30:37 Scale Barding Armor
34:47 Chain Barding Armor
35:00 Town Patrol
37:25 Coinage
38:15 Caravan
42:11 Imperial Age
SVEDESE
11:15 Feudal Age
12:02 Gold Mining
12:05 Stone Mining
12:33 Double-Bit Axe
14:04 Horse Collar
23:34 Castle Age
24:01 Fletching
24:12 Padded Archer Armor
25:13 Wheelbarrow
25:03 Bow Saw
24:56 Heavy Plow
25:39 Stone Shaft Mining
25:33 Bodkin Arrow
25:54 Leather Archer Armor
25:50 Forging
26:54 Scale Mail Armor
28:35 Iron Casting
27:45 Crossbowman
36:23 Imperial Age
34:12 Chain Mail Armor
34:01 Arson
42:31 Ring Archer Armor
43:02 Blast Furnace
41:52 Elite Teutonic Knight
43:18 Conscription
45:55 Bloodlines
VI-BlackBeard-IV
0:27 Loom
12:06 Feudal Age
16:51 Castle Age
15:31 Double-Bit Axe
15:31 Horse Collar
17:40 Wheelbarrow
17:46 Bow Saw
18:08 Heavy Plow
32:27 Imperial Age
30:23 Caravan
31:22 Hand Cart
31:05 Gold Mining
31:21 Stone Mining
31:50 Treadmill Crane
32:31 Ballistics
33:38 Furor Celtica
34:41 Chemistry
33:58 Siege Engineers
35:16 Onager
35:17 Heavy Scorpion
37:34 Gold Shaft Mining
37:35 Stone Shaft Mining
37:20 Siege Onager
38:38 Town Watch
38:50 Fletching
40:25 Capped Ram
41:43 Hoardings
41:30 Conscription
41:01 Stronghold
40:33 Elite Woad Raider
42:05 Town Patrol
43:35 Bodkin Arrow
43:15 Sappers
43:21 Siege Ram
Pouya430
9:08 Loom
11:02 Feudal Age
19:07 Castle Age
17:15 Horse Collar
18:42 Stone Mining
20:03 Double-Bit Axe
29:40 Stone Shaft Mining
29:22 Treadmill Crane
33:10 Forging
33:06 Scale Barding Armor
35:35 Imperial Age
34:40 Heavy Plow
34:55 Bow Saw
37:02 Conscription
37:26 Iron Casting
37:11 Chain Barding Armor
36:54 Husbandry
37:05 Bloodlines
37:28 Crop Rotation
36:53 Gold Mining
38:05 Two-Man Saw
39:11 Wheelbarrow
38:23 Town Watch
40:22 Chemistry
39:33 Fortified Wall
39:44 Ballistics
39:31 Siege Engineers
39:22 Murder Holes
39:22 Fletching
40:33 Blast Furnace
39:34 Scale Mail Armor
40:12 Plate Barding Armor
39:56 Guard Tower
41:53 Gold Shaft Mining
40:43 Elite Iron Pagoda
41:32 Bodkin Arrow
42:06 Hand Cart
43:01 Caravan
44:06 Keep
43:43 Masonry
46:06 Bracer
X REZA C4 X
3:04 Loom
14:56 Feudal Age
16:18 Wheelbarrow
20:55 Castle Age
19:23 Double-Bit Axe
19:22 Horse Collar
21:42 Heavy Plow
21:55 Bow Saw
23:15 Hand Cart
25:16 Sanctity
25:10 Fervor
31:01 Imperial Age
30:43 Chemistry
30:04 Ballistics
32:46 Two-Man Saw
32:38 Forging
32:28 Scale Mail Armor
32:26 Elite Skirmisher
34:31 Pikeman
35:12 Squires
36:39 Siege Engineers
36:28 Halberdier
39:19 Scale Mail Armor
39:54 Iron Casting
39:10 Fletching
44:35 Chain Mail Armor
45:21 Blast Furnace
44:17 Bodkin Arrow
44:22 Padded Archer Armor
46:33 Plate Mail Armor
Connection lost

Rejoining the realm…

Still unreachable

The connection could not be restored.

Session expired

The server has moved on; the page needs a fresh start.